 Dungeon Crawl Stone Soup version 0.31.0-9-g3a7656b989 (webtiles) character file.

Game seed: 13966168689901446288

232 qw the Shooter (level 5, -8/26 HPs)
             Began as a Spriggan Hunter on Feb 2, 2024.
             Mangled by a gnoll
             ... wielding a +2 halberd of venom
              (9 damage)
             ... on level 4 of the Dungeon.
             The game lasted 00:00:08 (2382 turns).

qw the Shooter (Spriggan Hunter)                    Turns: 2382, Time: 00:00:09

Health: -8/26      AC:  2    Str:  7    XL:     5   Next: 73%
Magic:  0/6        EV: 20    Int: 10    God:
Gold:   130        SH:  0    Dex: 21    Spells: 4/4 levels left

rFire   . . .        a - +0 shortbow
rCold   . . .        (shield currently unavailable)
rNeg    . . .        c - +0 robe
rPois   .            (helmet restricted)
rElec   .            (no cloak)
rCorr   .            (gloves unavailable)
SInv    +            (boots unavailable)
Will    .....        b - amulet of guardian spirit
Stlth   ++           (no ring)
HPRegen 0.24/turn    (no ring)
MPRegen 0.10/turn

%: guardian spirit
@: very quick
A: very small, no large weapons, unfitting armour, see invisible, speed 3
a: no special abilities


You were on level 4 of the Dungeon.
You visited 1 branch of the dungeon, and saw 4 of its levels.

You collected 130 gold pieces.


Innate Abilities, Weirdness & Mutations

You are very small and have problems with some larger weapons.
You are too small for most types of armour.
You have supernaturally acute eyesight. (SInv)
You cover ground extremely quickly. (Speed+++)


   Skills:
 - Level 2.1 Fighting
 + Level 5.8 Ranged Weapons
 - Level 5.2 Dodging
 - Level 1.5 Stealth


You had 4 spell levels left.
You didn't know any spells.
Your spell library was empty.

Inventory:

Hand Weapons
 a - a +0 shortbow (weapon)
Armour
 c - a +0 robe (worn)
Jewellery
 b - an amulet of guardian spirit (around neck)
Wands
 e - a wand of mindburst (19)
Scrolls
 d - a scroll of enchant armour {unknown}
Potions
 f - a potion of curing {unknown}
 h - a potion of heal wounds {unknown}
 i - a potion of resistance {unknown}

Dungeon Overview and Level Annotations

Branches:
Dungeon (4/15)
 Temple: D:4-7

Altars:
Fedhas


Message History

You shoot an arrow.
The arrow hits the hobgoblin but does no damage.
The hobgoblin hits you but does no damage.
You shoot an arrow. The arrow hits the hobgoblin.
The hobgoblin is moderately wounded.
The hobgoblin completely misses you.
You shoot an arrow. The arrow barely misses the hobgoblin.
The arrow barely misses the gnoll.
You hear a shout!
The hobgoblin misses you.
A gnoll comes into view. It is wielding a +2 halberd of venom.
You shoot an arrow. The arrow hits the hobgoblin!
You kill the hobgoblin!
You shoot an arrow. The arrow hits the gnoll.
The gnoll is heavily wounded.
The gnoll closely misses you.
You shoot an arrow. The arrow barely misses the gnoll.
The arrow completely misses the gnoll.
A gnoll comes into view. It is wielding a +0 club.
The gnoll hits you with a +0 club. The gnoll misses you.
The gnoll barely misses you.
You shoot an arrow. The arrow hits the gnoll!
The gnoll is heavily wounded.
The gnoll barely misses you. The gnoll misses you.
You shoot an arrow. The arrow hits the gnoll!
You kill the gnoll!
The gnoll hits you from afar with a +2 halberd of venom!
You shoot an arrow. The arrow hits the gnoll.
The gnoll is heavily wounded.
The gnoll misses you. The gnoll barely misses you.
You shoot an arrow. The arrow hits the gnoll!
You kill the gnoll!
The gnoll closely misses you.
You shoot an arrow. The arrow barely misses the gnoll.
The gnoll hits you with a +0 club. The gnoll completely misses you.
You shoot an arrow. The arrow hits the gnoll.
The gnoll is lightly wounded.
The gnoll hits you with a +0 club!
The gnoll hits you from afar with a +2 halberd of venom!
You die...

##+## ##...##
##..<..##
.#...)...##
#..........####.#..
............@g.)....
.#..........##g..#..
...#.......## .....
#####.....## .#.#
##...## ... ##'## #.
#. .. ..


You could see 2 gnolls.

Vanquished Creatures
  A scorpion (D:4)
  An orc priest (D:3)
  An iguana (D:4)
  2 gnolls (D:4)
  3 adders
  A ribbon worm (D:2)
  3 dart slugs
  5 orcs
  5 bats
  2 endoplasms (D:1)
  A giant cockroach (D:3)
  6 goblins
  6 hobgoblins
  3 kobolds
  4 quokkas
  9 ball pythons
  4 frilled lizards
  4 rats
61 creatures vanquished.

Notes
Turn   | Place    | Note
-------+----------+-------------------------------------------
     0 | D:1      | qw the Spriggan Hunter began the quest for the Orb.
     0 | D:1      | Reached XP level 1. HP: 10/10 MP: 2/2
     0 | D:1      | 0 ||| qw: Version: 0.3-a-155-g5e7d8dd
     0 | D:1      | 0 ||| qw: Game counter: 976
     0 | D:1      | 0 ||| qw: Melee chars always use a shield: true
     0 | D:1      | 0 ||| qw: God list: Okawaru
     0 | D:1      | 0 ||| qw: Allow faded altars: false
     0 | D:1      | 0 ||| qw: Do Orc after clearing Dungeon:15 true
     0 | D:1      | 0 ||| qw: Do second Lair branch before Depths: true
     0 | D:1      | 0 ||| qw: Lair rune preference: random
     0 | D:1      | 0 ||| qw: Goals: Normal
     0 | D:1      | 0 ||| PLANNING D:1-11
    29 | D:1      | Reached skill level 3 in Dodging
   124 | D:1      | Reached XP level 2. HP: 14/14 MP: 3/3
   669 | D:1      | 669 ||| DROPPING +6 ring of intelligence.
   670 | D:1      | 670 ||| READING 2 scrolls labelled XIVAIG SIER.
   670 | D:1      | 670 ||| IDENTIFYING bubbling inky potion
   671 | D:1      | 671 ||| READING scroll of identify.
   671 | D:1      | 671 ||| IDENTIFYING amethyst potion
   672 | D:1      | 672 ||| READING scroll labelled HYDUFFYOCH.
   773 | D:1      | 773 ||| DROPPING scroll of butterflies.
   774 | D:1      | 774 ||| DROPPING potion of invisibility.
   775 | D:1      | 775 ||| DROPPING potion of brilliance.
   874 | D:2      | Reached XP level 3. HP: 18/18 MP: 4/4
  1226 | D:2      | 1226 ||| FLEEEEING.
  1227 | D:2      | 1227 ||| FLEEEEING.
  1228 | D:2      | 1228 ||| FLEEEEING.
  1584 | D:2      | 1584 ||| UPGRADING to amulet of guardian spirit.
  1589 | D:2      | 1589 ||| READING scroll labelled ZEVAME UBING.
  1592 | D:2      | 1592 ||| READING scroll labelled ZOULAK HALOLOU.
  1715 | D:3      | Reached XP level 4. HP: 22/22 MP: 5/5
  1867 | D:3      | Found a blossoming altar of Fedhas.
  2020 | D:3      | HP: 5/22 [orc priest/nerve-wracking pain (7)]
  2025 | D:3      | HP: 4/22 [orc/+0 short sword of draining (1)]
  2030 | D:3      | HP: 2/20 [giant cockroach (2)]
  2181 | D:3      | 2181 ||| READING 2 scrolls labelled NAUNERH OCEZ.
  2182 | D:3      | 2182 ||| DRINKING 2 fuming purple potions.
  2227 | D:3      | 2227 ||| DROPPING scroll of amnesia.
  2228 | D:3      | 2228 ||| DROPPING potion of lignification.
  2262 | D:4      | Reached XP level 5. HP: 10/26 MP: 2/6
  2315 | D:4      | 2315 ||| FLEEEEING.
  2317 | D:4      | 2317 ||| FLEEEEING.
  2318 | D:4      | 2318 ||| STAIRDANCE
  2382 | D:4      | HP: 1/26 [gnoll/+0 club (6)]
  2382 | D:4      | Mangled by a gnoll

Levels and vault maps discovered:
D:1:      dreamdust_arrival_beginning_and_end, layout_basic, kennysheep_boxes
D:2:      layout_basic, minmay_tiny_reverse_x
D:3:      layout_rooms, mainiacjoe_overflow_alcove_2
D:4:      layout_loops_corners, minmay_temple_entry_glass, amethyst_killhole,
          hangedman_glass_teeth, minmay_misc_feat_rows,
          minmay_a_box_with_orc_wizards_in_it

Skill      XL: |  1  2  3  4 |
---------------+-------------+-----
Dodging        | 3 4 5 |  5.2
Ranged Weapons | 5 |  5.8
Fighting       | 2 |  2.1
Stealth        | |  1.5

Action                     |  1- 3 |  4- 6 || total
---------------------------+-------+-------++-------
   Fire: Shortbow          |   122 |    93 ||   215
    Use: Scroll            |     5 |     1 ||     6
         Potion            |       |     1 ||     1
 Armour: Robe              |    14 |    20 ||    34
  Dodge: Dodged            |    31 |    62 ||    93

Table legend:
 A = Non-vault XP
 B = Vault XP
 C = Vault XP percentage of total XP
 D = Non-vault monster count
 E = Vault monster count
 F = Vault count percentage of total count
                 A         B        C        D         E       F
            +---------+---------+-------+---------+---------+-------
      Total |     329 |       3 |   0.9 |      59 |       2 |   3.3
            +---------+---------+-------+---------+---------+-------
        D:1 |      36 |       0 |   0.0 |      20 |       0 |   0.0
        D:2 |      27 |       3 |  10.0 |      12 |       2 |  14.3
        D:3 |      96 |       0 |   0.0 |      18 |       0 |   0.0
        D:4 |     170 |       0 |   0.0 |       9 |       0 |   0.0
            +---------+---------+-------+---------+---------+-------
